AoeStats
← Vexyann

Arabian Desert

510640803Analyzed
1v1 RM · 2d ago on Oct 1, 2026· 22m 32s· 2 players
Game mode
Random Map
Map size
Tiny (2 player)
Population
200
Speed
Normal
Resources
Standard
Victory
Conquest
Starting age
Dark Age
Ending age
Imperial Age
RankedLock teamsTeams togetherTeam positionsShared explorationLock speedFull tech treeHidden civsTurbo modeCheats
Victory
Defeat
🇫🇷 Britons · France
806
+15
🇦🇷 Vikings · Argentina
776
-15
Vexyann
1:36 Loom
11:43 Feudal Age
16:44 Man-at-Arms
18:27 Forging
18:17 Scale Mail Armor
20:29 Scale Mail Armor
20:35 Scale Barding Armor
Guytan57
10:40 Feudal Age
14:00 Fletching
14:18 Double-Bit Axe
19:52 Castle Age
18:20 Padded Archer Armor
19:57 Crossbowman
20:35 Bodkin Arrow
Connection lost

Rejoining the realm…

Still unreachable

The connection could not be restored.

Session expired

The server has moved on; the page needs a fresh start.